[Event "*** SCC Grand Prix: Titled Tuesday Blitz"]
[Site "Chess.com"]
[Date "2020.08.11"]
[Round "7"]
[White "HonzaVykouk"]
[Black "Dedic8"]
[Result "0-1"]
[WhiteElo "2582"]
[BlackElo "2824"]
[TimeControl "180+1"]
[EndTime "11:18:15 PDT"]
[Termination "Dedic8 won by resignation"]

1. e4 e5 2. Nf3 Nc6 3. Bc4 Nf6 4. Ng5 d5 5. exd5 Na5 6. Bb5+ c6 7. dxc6 bxc6 8.
Be2 h6 9. Nh3 Bd6 10. d3 O-O 11.
Nc3 c5 12. Bf3 Rb8 13. Ng1 c4 14. Nge2 Re8 15. O-O Ba6 16. Re1 Bc5 17. dxc4 Qxd1 18. Rxd1 e4 19. Nxe4 Nxe4 20. Bxe4 Rxe4 21. Ng3 Rxc4 22.
c3 Ra4 23. b4 Nb3 24. Bf4 Nxa1 25. Bxb8 Bxb4 26. cxb4 Rxb4 27. Bxa7 Nc2 28. h3 Ra4 29.
Rd8+ Kh7 30. Rd7 Kg6 31. h4 h5 32. f4 Bb5 33. f5+ Kf6 34. Nxh5+ Kxf5 35. Rd5+ Kg4 36. Rxb5 Rxa7 37. Rb2 Kxh5 38. Rxc2 Kxh4 39. Kh2 f5 40. Rc4+ Kh5 41. a4 g5 42. Kg3 Rb7 43. a5 Rb3+ 44.
Kh2 Ra3 45. Rc5 f4 46. Rb5 Kg4 47. Rc5 Ra2 48. Kg1 Kh4 49. Kf1 g4 50. Kg1 Kg3 51.
Rc3+ f3 52. gxf3 gxf3 53. Rc1 Rg2+ 54. Kh1 Rh2+ 55. Kg1 f2+ 56. Kf1 Rh1+ 57. Ke2 Rxc1 0-1

[Event "*** SCC Grand Prix: Titled Tuesday Blitz"]
[Site "Chess.com"]
[Date "2020.08.11"]
[Round "7"]
[White "evgenyermolaev"]
[Black "CrazyMartian"]
[Result "1-0"]
[WhiteElo "2484"]
[BlackElo "2336"]
[TimeControl "180+1"]
[EndTime "11:18:15 PDT"]
[Termination "evgenyermolaev won by checkmate"]

1. d4 Nf6 2. Nc3 d5 3. e4 Nxe4 4. Nxe4 dxe4 5. Bg5 Bf5 6. Qe2 c6 7. O-O-O Nd7 8. f3 exf3 9. Qxf3 Qa5 10. d5 Qxa2 11.
Qxf5 Qa1+ 12. Kd2 Qxb2 13. Bd3 cxd5 14. Qxd5 e6 15. Qb3 Bb4+ 16. Ke2 Qe5+ 17. Be3 Bc5 18. Bb5 Rd8 19. Bxd7+ Rxd7 20. Rxd7 Bxe3 21. Nf3 Qe4 22.
Qxb7 Qxc2+ 23. Kxe3 O-O 24. Qe4 Qc5+ 25. Qd4 Qf5 26.
Rd1 e5 27. Qd5 Qf4+ 28. Kf2 e4 29. Rd8 g6 30. Rxf8+ Kxf8 31. Qd6+ Qxd6 32. Rxd6 exf3 33. Kxf3 Ke7 34. Ra6 f5 35. Rxa7+ Kf6 36. h4 h6 37. Ra6+ Kg7 38. Kf4 Kf7 39. h5 gxh5 40. Kxf5 h4 41. Rxh6 h3 42. gxh3 Kg7 43. Ra6 Kh8 44. Kg6 Kg8 45.
Ra8# 1-0

[Event "*** SCC Grand Prix: Titled Tuesday Blitz"]
[Site "Chess.com"]
[Date "2020.08.11"]
[Round "7"]
[White "Leonid_Starozhilov"]
[Black "dopolian"]
[Result "1/2-1/2"]
[WhiteElo "2698"]
[BlackElo "2537"]
[TimeControl "180+1"]
[EndTime "11:18:16 PDT"]
[Termination "Game drawn by repetition"]

1. c4 Nf6 2. Nf3 g6 3. g3 Bg7 4. Bg2 O-O 5. O-O c5 6. Nc3 d5 7. d3 Nc6 8. Bf4 dxc4 9. dxc4 Be6 10. b3 Qxd1 11. Raxd1 Rfd8 12. Ne5 Rxd1 13. Rxd1 Nh5 14. Nxc6 bxc6 15. Na4 Nxf4 16. gxf4 Bg4 17. Rd2 Rc8 18. e3 h5 19. Nxc5 h4 20. h3 Bf5 21.
Kh2 e5 22. fxe5 Bxe5+ 23. Kg1 a5 24. Bf1 Kf8 25. Kg2 Ke7 26. Be2 Bd6 27. Na4 Bb4 28.
Rd4 c5 29. Rd1 Bc2 30. Rc1 Be4+ 31. f3 Bc6 32. Nb6 Rd8 33. Nd5+ Bxd5 34. cxd5 Rxd5 35. Rc2 Rd2 36. Rxd2 Bxd2 37. Kf2 Kd6 38. f4 f6 39. Bd3 g5 40. fxg5 fxg5 41. Ke2 Bc3 42. Kf3 Bf6 43. a4 Ke5 44. Kg4 Bd8 45. Kf3 Bf6 46. Bc4 Bd8 47. Kg4 Bf6 48. Kf3 Bd8 49. Bb5 Bf6 50. Bc4 1/2-1/2

[Event "*** SCC Grand Prix: Titled Tuesday Blitz"]
[Site "Chess.com"]
[Date "2020.08.11"]
[Round "7"]
[White "Ze-Pequeno"]
[Black "Mikasinski"]
[Result "0-1"]
[WhiteElo "2172"]
[BlackElo "2453"]
[TimeControl "180+1"]
[EndTime "11:18:16 PDT"]
[Termination "Mikasinski won on time"]

1. e4 c5 2. Nf3 d6 3. d4 cxd4 4. Nxd4 Nf6 5. Nc3 g6 6. Be3 Bg7 7. f3 O-O 8. Qd2 Nc6 9. O-O-O Bd7 10. g4 Rc8 11. Kb1 Ne5 12. h4 Qa5 13. Nb3 Qc7 14.
Be2 b5 15. g5 b4 16. Nd5 Nxd5 17. exd5 a5 18. Nd4 Nc4 19. Bxc4 Qxc4 20. h5 Qxd5 21.
Qh2 Qc4 22. f4 a4 23. f5 gxf5 24. Qf2 a3 25. Nxf5 Bxf5 26. Qxf5 axb2 27. g6 fxg6 28. Qd5+ Qxd5 29. Rxd5 Rf5 30. Rdd1 Rxh5 31. Rhe1 Re5 32. Bd4 Rxe1 33. Rxe1 Bxd4 34. Rd1 e5 35. c4 Rxc4 36.
a4 Rc1+ 37. Rxc1 bxc1=Q+ 38. Kxc1 e4 0-1

[Event "*** SCC Grand Prix: Titled Tuesday Blitz"]
[Site "Chess.com"]
[Date "2020.08.11"]
[Round "7"]
[White "RusPakhom"]
[Black "Oligan22"]
[Result "1/2-1/2"]
[WhiteElo "2301"]
[BlackElo "2436"]
[TimeControl "180+1"]
[EndTime "11:18:16 PDT"]
[Termination "Game drawn by agreement"]

1. e4 e5 2. Nf3 d6 3. Nc3 Nf6 4. d4 exd4 5. Nxd4 Be7 6. Be2 O-O 7. O-O Re8 8. Bf4 Bf8 9. Bf3 Nbd7 10. h3 Ne5 11. Be2 Ng6 12. Bg5 h6 13. Bxf6 Qxf6 14. Nd5 Qd8 15. Nc3 c6 16. Bg4 Qb6 17. Rb1 Bxg4 18. hxg4 Rad8 19. Nf5 d5 20. exd5 cxd5 21.
Qd4 Qxd4 22. Nxd4 Bc5 23. Rbd1 Nf4 24. g3 Bxd4 25. Rxd4 Ne2+ 26. Nxe2 Rxe2 27. Rc1 Rc8 28. Rxd5 Rcxc2 29. Rxc2 Rxc2 30. Rb5 b6 31. a4 g6 32.
Kg2 Rc4 33. a5 bxa5 34. Rxa5 Rc7 35. g5 h5 36. Ra6 Rb7 37. b4 Rxb4 38. Rxa7 Rb5 39.
f4 Rb3 40. Kf2 Kg7 41. Ra6 Rb2+ 42. Kf3 Rb3+ 43. Kf2 Rb4 44. Kf3 Rd4 45. Ra7 Rd1 46.
Rb7 Rf1+ 47. Kg2 Ra1 48. Kf3 Ra3+ 49. Kf2 Rc3 50. Ra7 Rc4 51. Kf3 Rb4 52. Rc7 Rb5 53. Ra7 Rc5 54. Rb7 Rf5 55. Rc7 Kf8 56. Rb7 Ke8 57.
Ra7 Kd8 58. Rb7 Kc8 59. Ra7 Kb8 60. Re7 Kc8 61. g4 hxg4+ 62. Kxg4 Kd8 63. Ra7 Ke8 64. Rb7 Kf8 65. Ra7 Rc5 66. Rb7 Rc3 67. Ra7 Rb3 68. Rc7 Rb1 69. Ra7 Rb2 1/2-1/2

[Event "*** SCC Grand Prix: Titled Tuesday Blitz"]
[Site "Chess.com"]
[Date "2020.08.11"]
[Round "7"]
[White "CaspiIsrael"]
[Black "MrChampion_Coach"]
[Result "1-0"]
[WhiteElo "2643"]
[BlackElo "2451"]
[TimeControl "180+1"]
[EndTime "11:18:17 PDT"]
[Termination "CaspiIsrael won by checkmate"]

1. e4 c5 2. Nf3 d6 3. d4 cxd4 4.
Nxd4 Nf6 5. Nc3 a6 6. f3 e5 7. Nb3 Be6 8. Be3 h5 9. Nd5 Bxd5 10.
exd5 Nbd7 11. Qd2 g6 12. Be2 Bg7 13. O-O O-O 14. h3 b6 15. Rac1 Re8 16. c4 Qc7 17. Na1 Qb7 18. Nc2 a5 19. Na3 Nc5 20. Nb5 Qb8 21.
b3 Kh7 22. Rb1 Ng8 23. a3 Bh6 24. b4 axb4 25. axb4 Nd7 26. Ra1 Bxe3+ 27. Qxe3 Rxa1 28. Rxa1 Ne7 29. Bd3 Nc8 30. Qg5 Kg7 31. Bf5 Qb7 32. h4 Kf8 33. Bh3 Re7 34. Kh2 Qb8 35. Bxd7 Rxd7 36.
Qf6 Ne7 37. g4 Ng8 38. Qg5 hxg4 39. fxg4 e4 40. Qf4 Qe8 41. Nxd6 Qb8 42. Qe5 Qxd6 43. Ra8+ Rd8 44. Qxd6+ Kg7 45. Rxd8 Kh7 46. g5 Kg7 47. Qe5+ Kh7 48. d6 f6 49. gxf6 Nh6 50. Kh3 Nf7 51. Qe7 Kh6 52. Qxf7 g5 53. Rh8# 1-0

[Event "*** SCC Grand Prix: Titled Tuesday Blitz"]
[Site "Chess.com"]
[Date "2020.08.11"]
[Round "7"]
[White "beto-betun"]
[Black "KaspMagAlpha"]
[Result "1-0"]
[WhiteElo "2149"]
[BlackElo "2170"]
[TimeControl "180+1"]
[EndTime "11:18:17 PDT"]
[Termination "beto-betun won on time"]

1. d4 Nf6 2. Nf3 d5 3. c4 e6 4.
Nc3 Be7 5. g3 O-O 6. Bg2 b6 7.
b3 Bb7 8. O-O Nbd7 9. Bb2 Rc8 10. cxd5 exd5 11. Rc1 c5 12. dxc5 bxc5 13. Nh4 Nb6 14. Nf5 Re8 15. Nxe7+ Rxe7 16. e3 Rd7 17. Ne2 Ba6 18. Re1 d4 19. exd4 Bxe2 20. Rxe2 cxd4 21.
Rxc8 Qxc8 22. Rd2 Qa6 23. Rxd4 Qxa2 24. Rxd7 Nfxd7 25. Qd4 Qb1+ 26. Bf1 Qg6 27. Bb5 Nf8 28. Kg2 h6 29. h4 Ne6 30. Qe5 Qc2 31. Be2 Qxb3 32.
Bg4 Qd5+ 33. Qxd5 Nxd5 34. Bf3 Ndc7 35. Bc3 Kf8 36. Ba5 Ke7 37. Bd2 Kd7 38. Be3 a6 39.
Be2 Nb5 40. Bd2 Nec7 41. Bb4 g6 42. Bc4 h5 43. Bxf7 Kc6 44. Bxg6 Kb6 45. Bd2 a5 46. Bxh5 a4 47. Bd1 a3 48. Bc1 a2 49. Bb2 Nd5 50.
h5 Nb4 51. h6 1-0

[Event "*** SCC Grand Prix: Titled Tuesday Blitz"]
[Site "Chess.com"]
[Date "2020.08.11"]
[Round "7"]
[White "SzMM19"]
[Black "Batsai"]
[Result "0-1"]
[WhiteElo "2468"]
[BlackElo "2357"]
[TimeControl "180+1"]
[EndTime "11:18:18 PDT"]
[Termination "Batsai won on time"]

1. e4 c5 2. Nf3 d6 3. Bb5+ Bd7 4. Bxd7+ Nxd7 5. O-O g6 6. Qe2 Bg7 7. Rd1 Ngf6 8. d4 O-O 9. e5 Ne8 10. e6 fxe6 11.
Qxe6+ Kh8 12. Ng5 cxd4 13. Nf7+ Rxf7 14. Qxf7 Ne5 15. Qd5 Nc7 16. Qxb7 Ne6 17. Qd5 Rc8 18. Qxe6 Rxc2 19. Bg5 Qf8 20. Nd2 Nd3 21. Nf3 Nxf2 22. Rf1 h6 23. Bh4 Nd3 24. Ng5 Qb8 25. Ne4 Qxb2 26.
Qh3 Nf4 27. Rxf4 Qxa1+ 28. Rf1 Rc1 29. Qf3 Rxf1+ 30. Qxf1 Qxa2 31. Nf2 g5 32. Bg3 a5 33. h4 Qd2 34. hxg5 Qxg5 35. Bh2 a4 36. Qc4 a3 37.
Qc8+ Kh7 38. Qc2+ Qg6 39. Qb3 d3 40. Qxa3 d2 41. Qb3 Bd4 42. Qd3 Qxd3 0-1

[Event "*** SCC Grand Prix: Titled Tuesday Blitz"]
[Site "Chess.com"]
[Date "2020.08.11"]
[Round "7"]
[White "ferch1ni"]
[Black "VladimirBugayev"]
[Result "1-0"]
[WhiteElo "2285"]
[BlackElo "2331"]
[TimeControl "180+1"]
[EndTime "11:18:18 PDT"]
[Termination "ferch1ni won on time"]

1. e4 c6 2. Nf3 d5 3. Nc3 Bg4 4. h3 Bxf3 5. Qxf3 e6 6. g4 Bc5 7.
Bg2 Ne7 8. d3 Ng6 9. Bd2 Nh4 10.
Qg3 Nxg2+ 11. Qxg2 Nd7 12. f4 d4 13. Ne2 Qb6 14. O-O-O O-O-O 15. g5 g6 16. h4 h5 17. gxh6 Bf8 18. h5 gxh5 19. Rxh5 Rxh6 20. Rdh1 Rxh5 21. Rxh5 Nc5 22. Rh8 Na4 23. b3 Nc3 24. Nxc3 dxc3 25. Bxc3 Ba3+ 26. Kd2 Rxh8 27. Bxh8 Qa5+ 28. Bc3 Qh5 29.
Qf2 Qh1 30. d4 Bc1+ 31. Kd3 Qd1+ 32. Kc4 Qh5 33. f5 exf5 34. Qxf5+ Qxf5 35. exf5 Kc7 36. d5 b5+ 37. Kd4 Bg5 38. dxc6 Kxc6 39. Kd3 Kd5 40.
a4 a6 41. Bb2 b4 42. c4+ bxc3 43. Bxc3 Be7 44. b4 Bd6 45. Bd2 Ke5 46. Kc4 Kxf5 47. Kd5 1-0

[Event "*** SCC Grand Prix: Titled Tuesday Blitz"]
[Site "Chess.com"]
[Date "2020.08.11"]
[Round "7"]
[White "Tactictic"]
[Black "TregubovP"]
[Result "0-1"]
[WhiteElo "2377"]
[BlackElo "2590"]
[TimeControl "180+1"]
[EndTime "11:18:19 PDT"]
[Termination "TregubovP won by resignation"]

1. e4 e6 2. d4 d5 3. Nd2 c5 4.
exd5 exd5 5. Ngf3 Nc6 6. dxc5 Bxc5 7. Bd3 Qe7+ 8. Qe2 Qxe2+ 9. Kxe2 Nf6 10. Nb3 Bb6 11.
Be3 Bxe3 12. fxe3 O-O 13. Nbd4 Re8 14. Nxc6 bxc6 15. Kd2 Ne4+ 16. Bxe4 Rxe4 17. Rae1 c5 18. Kc1 Bf5 19. Rhf1 Bg6 20. Kd2 f6 21. Re2 Rb8 22. b3 a5 23. h3 h5 24. Ne1 h4 25. Rf4 Rbe8 26. Nf3 Bh5 27. Re1 Bxf3 28. Rxf3 Kf7 29. Kd3 c4+ 30. Kd2 Ke6 31. Rf4 Kd6 32. Rxe4 Rxe4 33. Rf1 Ke5 34. a4 g5 35. Rf3 f5 36.
Ke2 cxb3 37. cxb3 Rb4 38. e4 fxe4 39. Rc3 Kf4 40. Rc5 d4 41. Rxa5 Rxb3 42. Rd5 d3+ 43. Kd2 Rb2+ 44. Kc3 Rc2+ 45. Kb3 Ke3 46. a5 Rc1 47. a6 Ra1 48. Rd6 d2 49. Kb2 d1=Q 50. Rxd1 Rxd1 51. a7 Rd8 0-1

[Event "*** SCC Grand Prix: Titled Tuesday Blitz"]
[Site "Chess.com"]
[Date "2020.08.11"]
[Round "7"]
[White "anskam"]
[Black "kidagent"]
[Result "1-0"]
[WhiteElo "1553"]
[BlackElo "2256"]
[TimeControl "180+1"]
[EndTime "11:18:19 PDT"]
[Termination "anskam won by resignation"]

1. e4 c5 2. Nf3 d6 3. d4 cxd4 4. Nxd4 Nf6 5. Nc3 a6 6. Be3 e5 7. Nb3 Be7 8. f3 Be6 9. Qd2 O-O 10. g4 b5 11. O-O-O Nbd7 12. h4 Nc5 13. Nxc5 dxc5 14.
Qxd8 Rfxd8 15. Be2 c4 16. h5 b4 17. Na4 b3 18.
axb3 cxb3 19. c3 Ne8 20. Nc5 Bxc5 21. Bxc5 a5 22. Rxd8 Rxd8 23. Rd1 Rxd1+ 24. Kxd1 Bd7 25. Bc4 a4 26. Kd2 h6 27. Kd3 Bc6 28. Bd5 Bb5+ 29. c4 Bd7 30. Kc3 Nc7 31. Kb4 Nxd5+ 32. exd5 f5 33. gxf5 Kf7 34. Bd6 Kf6 35. c5 Kxf5 36. c6 Bc8 37. Bc5 g5 38. hxg6 Kxg6 39. Kxa4 Kf7 40. Kxb3 h5 41. Bf2 Ke7 42. Kc4 Kd6 43. Bc5+ Kc7 44. b4 h4 45. b5 h3 46. b6+ Kb8 47. Bg1 Ba6+ 48. Kc5 Be2 49. Bh2 Bxf3 50.
Bxe5+ Kc8 51. d6 Bg2 52. b7+ 1-0

[Event "*** SCC Grand Prix: Titled Tuesday Blitz"]
[Site "Chess.com"]
[Date "2020.08.11"]
[Round "7"]
[White "MFguimaraes"]
[Black "mr65"]
[Result "1/2-1/2"]
[WhiteElo "2409"]
[BlackElo "2141"]
[TimeControl "180+1"]
[EndTime "11:18:19 PDT"]
[Termination "Game drawn - insufficient material"]

1. e4 e5 2. Nf3 Nc6 3. Bc4 Nf6 4.
Ng5 d5 5. exd5 Na5 6. Bb5+ Bd7 7.
Bxd7+ Nxd7 8. d4 Be7 9. h4 exd4 10. Qxd4 O-O 11. O-O b6 12. Nc3 Nb7 13. Bf4 Nd6 14.
g3 h6 15. Nf3 Bf6 16. Qd2 Nc5 17. Rfe1 Qd7 18. Kg2 Rfe8 19. Rad1 a5 20. b3 Nde4 21. Nxe4 Nxe4 22. Qd3 Nc3 23. Rxe8+ Rxe8 24. Rd2 Nxa2 25. Qc4 Nc3 26. Qxc7 Qxc7 27. Bxc7 Bd8 28. d6 Nb5 29. d7 Rf8 30. c4 Nxc7 31. Nd4 Ne6 32. Nc6 g6 33. f4 h5 34. Kf3 Kg7 35. Rd5 Bf6 36. Rb5 Rd8 37. Nxd8 Nd4+ 38. Ke4 Nxb5 39.
Nc6 Nd6+ 40. Kd5 Nb7 41. Na7 Bd8 42. Kc6 Nc5 43. Nb5 Nxb3 44. Kb7 a4 45. Kc8 Bf6 46.
d8=Q Bxd8 47. Kxd8 Nd2 48. Na3 Kf6 49. Kc7 Kf5 50.
Kxb6 Nxc4+ 51. Nxc4 Kg4 52. Kb5 Kxg3 53. Kxa4 Kxf4 54. Nd6 Kg4 55. Nxf7 Kxh4 56. Kb3 g5 57. Kc2 Kg3 58. Kd2 g4 59. Ke2 Kg2 60. Ne5 g3 61. Ng6 h4 62. Nxh4+ Kh2 63. Kf3 g2 64. Nxg2 1/2-1/2

[Event "*** SCC Grand Prix: Titled Tuesday Blitz"]
[Site "Chess.com"]
[Date "2020.08.11"]
[Round "7"]
[White "NoboaKevin1999"]
[Black "blitzking1729"]
[Result "0-1"]
[WhiteElo "2415"]
[BlackElo "2606"]
[TimeControl "180+1"]
[EndTime "11:18:20 PDT"]
[Termination "blitzking1729 won on time"]

1. d4 d6 2. c4 e5 3. Nf3 e4 4. Nfd2 f5 5. Nc3 Nf6 6. e3 Be7 7. b3 O-O 8. Bb2 c6 9. Be2 d5 10. Qc2 Be6 11. Bd1 Bd6 12. Ne2 Nbd7 13. g3 g5 14. h4 h6 15. hxg5 hxg5 16. Qc3 Kf7 17.
Bc2 a5 18. c5 Bc7 19. O-O-O Rh8 20. f3 Ke7 21. g4 fxg4 22. fxe4 dxe4 23. Nxe4 Nd5 24.
Qd2 Rxh1 25. Rxh1 Qg8 26. N4g3 Rf8 27. e4 Nf4 28. d5 cxd5 29. exd5 Bxd5 30. Rh7+ Kd8 31.
Be4 Nxe2+ 32. Qxe2 Bxg3 33. Qxg4 Bf4+ 34. Kd1 Qe6 35.
Qxe6 Bxe6 36. Bxb7 Nxc5 37. Ba3 Bg4+ 38. Ke1 Nd3+ 39.
Kf1 Bd6+ 40. Kg2 Bxa3 41. Bc6 Ne5 42. Be4 Rf4 43. Bd5 Rd4 44. Bb7 Bd6 0-1

[Event "*** SCC Grand Prix: Titled Tuesday Blitz"]
[Site "Chess.com"]
[Date "2020.08.11"]
[Round "7"]
[White "KarpovVadim"]
[Black "XiaoKangZhong"]
[Result "1/2-1/2"]
[WhiteElo "2291"]
[BlackElo "2420"]
[TimeControl "180+1"]
[EndTime "11:18:20 PDT"]
[Termination "Game drawn by repetition"]

1. d4 Nf6 2. c4 g6 3. f3 d5 4. cxd5 Nxd5 5. e4 Nb6 6. Nc3 Bg7 7. Be3 O-O 8. Qd2 Nc6 9. O-O-O Qd6 10. Nb5 Qd8 11. h4 a6 12. Nc3 Qd6 13. h5 Na5 14.
hxg6 hxg6 15. Bh6 Nac4 16. Bxc4 Nxc4 17. Qe2 Bxh6+ 18. Rxh6 Qf4+ 19. Kb1 Qxh6 20. Qxc4 c6 21. Nge2 Be6 22. Qb4 Rfe8 23. Qxb7 Qe3 24. Qxc6 Rec8 25.
Qa4 Bc4 26. Nc1 Rab8 27. Qc2 a5 28. Qd2 Qxd2 29. Rxd2 Ba6 30. Nd5 Kf8 31. Nb3 e6 32.
Ne3 a4 33. Nc5 Bb5 34. e5 Rd8 35. Kc2 Rbc8 36. Kc3 Ke7 37. Nc4 Bxc4 38. Kxc4 f6 39. exf6+ Kxf6 40. Re2 Rd6 41. Re4 Ke7 42. b4 axb3 43.
axb3 Ra8 44. Rg4 Kf7 45. Rf4+ Kg7 46. Re4 Ra2 47. g4 Rf2 48. f4 Kf7 49. g5 Rc2+ 50.
Kd3 Rc1 51. b4 Rd1+ 52. Kc3 Rc1+ 53. Kd3 Rd1+ 54. Kc4 Rc1+ 55. Kd3 1/2-1/2

[Event "*** SCC Grand Prix: Titled Tuesday Blitz"]
[Site "Chess.com"]
[Date "2020.08.11"]
[Round "7"]
[White "tan275"]
[Black "Mikhal867"]
[Result "1-0"]
[WhiteElo "2238"]
[BlackElo "2354"]
[TimeControl "180+1"]
[EndTime "11:18:20 PDT"]
[Termination "tan275 won on time"]

1. d4 g6 2. g3 Bg7 3. Nf3 c5 4. Bg2 Nf6 5. c4 O-O 6. O-O d5 7.
dxc5 dxc4 8. Qa4 Na6 9. Qxc4 Be6 10. Qb5 Ne4 11. Be3 Naxc5 12. Bxc5 Nxc5 13. Qxc5 Bxb2 14. Nbd2 b6 15. Qe3 Bxa1 16. Rxa1 Rc8 17. Qh6 f6 18. Ne4 Qd5 19. Neg5 Rf7 20. Nxf7 Bxf7 21. Qd2 Qxd2 22. Nxd2 Rc2 23. Nb3 Rxe2 24. Kf1 Rb2 25. Ke1 a5 26.
Nd4 e5 27. Nc6 Kg7 28. a3 Bc4 29. Bf3 e4 30. Bd1 Bd3 31. Nd4 e3 32. fxe3 Rxh2 33. Ne2 Rh1+ 34. Kd2 Ba6 35. Rc1 Rh5 36. Rc7+ Kh6 37.
Rc6 Rd5+ 38. Nd4 Bf1 39. Rxb6 f5 40. Rb5 Rd6 41. Rxa5 Kg5 42. Be2 Bg2 43. Ke1 Be4 44.
Kf2 h5 45. Bf3 1-0

[Event "*** SCC Grand Prix: Titled Tuesday Blitz"]
[Site "Chess.com"]
[Date "2020.08.11"]
[Round "7"]
[White "Nara_Kh"]
[Black "harkerchess"]
[Result "1-0"]
[WhiteElo "2317"]
[BlackElo "2145"]
[TimeControl "180+1"]
[EndTime "11:18:20 PDT"]
[Termination "Nara_Kh won by resignation"]

1. e4 c6 2. Nc3 d5 3. Nf3 dxe4 4. Nxe4 Nf6 5. Qe2 Nxe4 6. Qxe4 Qa5 7. Bc4 Bf5 8. Qe2 e6 9. O-O Bd6 10. Nd4 O-O 11.
d3 Nd7 12. Bd2 Qc7 13. h3 Bg6 14. Rae1 Rfe8 15. h4 h5 16. Kh1 Qd8 17. g3 Ne5 18. Bb3 Ng4 19. Bg5 Be7 20. Nf3 Bxg5 21. Nxg5 a5 22.
a4 Qb6 23. Qf3 Rad8 24. Kg2 Nf6 25. Qf4 Rd4 26. Qd2 Qd8 27. Re5 b6 28. Rfe1 Ng4 29. R5e2 Qd6 30. Bxe6 fxe6 31. Nxe6 Bf7 32. Nxd4 Rxe2 33.
Nxe2 Bd5+ 34. f3 Qc5 35. Nf4 Nf6 36. d4 Qc4 37. Nxd5 Qxd5 38. b3 c5 39. Re5 Qc6 40. d5 Qd6 41. f4 Ng4 42. Re6 Qd7 43. c4 Kh7 44. Qd3+ Kh8 45. Qe4 Nf6 46. Qe5 Kh7 47. Qf5+ Kh6 48. Rxf6+ gxf6 49. Qxd7 1-0

[Event "*** SCC Grand Prix: Titled Tuesday Blitz"]
[Site "Chess.com"]
[Date "2020.08.11"]
[Round "7"]
[White "Blagorod"]
[Black "KatarinaOstojic"]
[Result "0-1"]
[WhiteElo "2116"]
[BlackElo "2242"]
[TimeControl "180+1"]
[EndTime "11:18:20 PDT"]
[Termination "KatarinaOstojic won by resignation"]

1. e4 c5 2. Nc3 Nc6 3. g3 g6 4. Bg2 Bg7 5. d3 e6 6. Be3 b6 7.
f4 Nge7 8. e5 O-O 9. Ne4 Nd5 10.
Bf2 Bb7 11. Nd6 Ba6 12. Nf3 Qe7 13. O-O Nc7 14. g4 Ne8 15. Bh4 f6 16. Ne4 d5 17.
exf6 Nxf6 18. Neg5 Qd7 19. Re1 Rae8 20. Qe2 Nxg4 21.
Nxe6 Qd6 22. Nfg5 Nf6 23. Qf3 Nd4 24. Nxd4 cxd4 25. Bh3 Bc8 26. Rxe8 Rxe8 27. Bxc8 Rxc8 28.
Re1 Rxc2 29. Ne6 Rc8 30. Nxg7 Kxg7 31. f5 Rf8 32. fxg6 hxg6 33. Rf1 Nd7 34. Qg4 Rxf1+ 35.
Kxf1 Nf6 36. Qxd4 Kf7 37. Bxf6 Qxf6+ 38. Qxf6+ Kxf6 39. Kf2 Ke5 40. Ke3 d4+ 41. Kf3 Kf5 42. Kg3 g5 43. Kf3 g4+ 44. Kg3 Kg5 45. a4 a6 46. b3 a5 47. Kg2 Kf4 48. Kf2 Kf5 49.
Kg3 Kg5 50. Kg2 Kh4 51. Kf2 Kh3 52. Kg1 g3 53. hxg3 Kxg3 54. Kf1 Kf3 55. Ke1 Ke3 56. Kd1 Kxd3 0-1

[Event "*** SCC Grand Prix: Titled Tuesday Blitz"]
[Site "Chess.com"]
[Date "2020.08.11"]
[Round "7"]
[White "GlennTipton"]
[Black "Susal_De_Silva"]
[Result "0-1"]
[WhiteElo "2432"]
[BlackElo "2337"]
[TimeControl "180+1"]
[EndTime "11:18:21 PDT"]
[Termination "Susal_De_Silva won on time"]

1. a4 e5 2. e4 Nf6 3. d3 Nc6 4. Nf3 Bc5 5. Be2 d6 6. c3 a5 7. O-O O-O 8. h3 h6 9. Be3 Ba7 10. Nbd2 Ne7 11. Bxa7 Rxa7 12. d4 Ng6 13. dxe5 dxe5 14.
Re1 Qe7 15. Bc4 Rd8 16. Qb3 Nf4 17. Nf1 g5 18. Ng3 Kg7 19. Nf5+ Bxf5 20. exf5 e4 21. Nd4 Raa8 22. Rad1 c6 23. Ne2 h5 24. Ng3 h4 25.
Nf1 g4 26. hxg4 Nxg4 27. Rxd8 Rxd8 28. Bxf7 Nd3 29. Bh5 Nf6 30. Rxe4 Nxe4 31. Ne3 Ndc5 32. Qc2 Rd2 33. Qc1 Qd6 34. f6+ Qxf6 35. f3 Qg5 36.
Ng4 Nd3 37. Qf1 Qc5+ 0-1

[Event "*** SCC Grand Prix: Titled Tuesday Blitz"]
[Site "Chess.com"]
[Date "2020.08.11"]
[Round "7"]
[White "GMJustin"]
[Black "coalescenet"]
[Result "0-1"]
[WhiteElo "2265"]
[BlackElo "1960"]
[TimeControl "180+1"]
[EndTime "11:18:21 PDT"]
[Termination "coalescenet won on time"]

1. e4 c6 2. d4 d5 3. Nc3 dxe4 4.
Nxe4 Bf5 5. Nc5 b6 6. Nb3 e6 7.
Nf3 Nf6 8. g3 Be7 9. Bg2 a5 10.
O-O a4 11. Nbd2 a3 12. Ne5 Qxd4 13. Nxc6 axb2 14. Bxb2 Qxb2 15. Nxe7 Rxa2 16. Rxa2 Qxa2 17. Nxf5 exf5 18. Re1+ Kf8 19. Nc4 g6 20. Qd4 Kg7 21.
Nxb6 Qa7 22. Ra1 Qe7 23. Nd5 Qd6 24. Ra7 Nc6 25. Ra6 Nxd4 26. Rxd6 Nxd5 27. Bxd5 Nxc2 28. Rd7 Rf8 29. Kf1 Nb4 30. Bc4 Nc6 31. Rc7 Ne5 32. Bd5 Ng4 33. h3 Nh6 34. Bc4 Rd8 35. f4 Rd4 36.
Kf2 Rd2+ 37. Ke3 Rh2 38. Bf1 Kf6 39. Kf3 Rd2 40. Be2 Rb2 41. Rc6+ Kg7 42. Rc7 Rb3+ 43. Kf2 Rb6 44. Bc4 Rf6 45. Kf3 Ng8 46. g4 fxg4+ 47. hxg4 h6 48. Kg3 h5 0-1

[Event "*** SCC Grand Prix: Titled Tuesday Blitz"]
[Site "Chess.com"]
[Date "2020.08.11"]
[Round "7"]
[White "okriak"]
[Black "Bodnar_Mykola"]
[Result "0-1"]
[WhiteElo "2754"]
[BlackElo "2552"]
[TimeControl "180+1"]
[EndTime "11:18:24 PDT"]
[Termination "Bodnar_Mykola won by resignation"]

1. Nf3 Nf6 2. c4 b6 3. g3 Bb7 4. Bg2 e6 5. O-O Be7 6. Nc3 O-O 7. Re1 d5 8. cxd5 exd5 9. d4 c5 10. Bf4 Nc6 11. dxc5 bxc5 12. Ne5 Nd4 13. e3 Ne6 14. Qb3 Rb8 15. Nxf7 Kxf7 16. Bxb8 Qxb8 17. Nxd5 Nxd5 18. Bxd5 Bxd5 19. Qxd5 Qxb2 20. Qf5+ Qf6 21. Qxh7 Ng5 22. Qh5+ g6 23. Qg4 Nf3+ 24. Kg2 Nxe1+ 25. Rxe1 Kg7 26.
Re2 Qe5 27. Rd2 Rf7 28. h4 Qf5 29. Qc4 Qf3+ 30. Kh2 Qc6 31. a4 a6 32. Kg1 Bf6 33.
Rd5 Rc7 34. e4 Qe6 35. h5 gxh5 36. Kg2 Kf7 37. Qe2 c4 38. Qxh5+ Ke7 39. Qh7+ Qf7 40. Qf5 Bg7 41. Qg5+ Qf6 42. Re5+ Kd8 43. Rd5+ Kc8 44.
Qg4+ Kb8 45. Rf5 Qd4 46. Rd5 Qf6 47. e5 Qc6 48. Qe4 Rd7 49. Rb5+ Kc7 50. Qxc6+ Kxc6 51. Rb4 Kc5 52. Rb8 Bxe5 53. Rc8+ Rc7 0-1

[Event "*** SCC Grand Prix: Titled Tuesday Blitz"]
[Site "Chess.com"]
[Date "2020.08.11"]
[Round "7"]
[White "bratkoo"]
[Black "GMKrikor"]
[Result "0-1"]
[WhiteElo "2558"]
[BlackElo "2733"]
[TimeControl "180+1"]
[EndTime "11:18:25 PDT"]
[Termination "GMKrikor won by checkmate"]

1. e4 g6 2. d4 Bg7 3. Nc3 d6 4. f4 a6 5. Nf3 b5 6. Bd3 Nd7 7.
e5 c5 8. Be4 Rb8 9. Ne2 f5 10.
Bd5 Nb6 11. Bxg8 Rxg8 12. dxc5 dxc5 13. Qxd8+ Kxd8 14. Be3 Nc4 15. O-O-O+ Ke8 16. Bxc5 Bb7 17. Rd3 Rc8 18. b4 Bh6 19. Rhd1 Bxf3 20. Rxf3 Nxe5 21. Rh3 Ng4 22. Ra3 Rc6 23. h3 Nf6 24. Nd4 Rc8 25. Rxa6 Bxf4+ 26. Kb1 Ne4 27. Rd3 Kf7 28. Ne6 Be5 29.
a4 bxa4 30. Ka2 Nxc5 31. Nxc5 Bd6 32. Nxa4 Rxc2+ 33. Kb3 Rxg2 34. b5 Rb8 35. Nc3 Be5 36. b6 Rg3 37. Rxg3 Bxg3 38. Nd5 e6 39. Ra7+ Kf8 40.
Nc7 Rxb6+ 41. Kc4 Rc6+ 42. Kd4 Rxc7 43. Ra8+ Kg7 44. Ra6 Rd7+ 45. Ke3 Kf7 46. Kf3 Bd6 47. Kf2 e5 48. Ra5 Ke6 49. Rb5 e4 50. Ke3 h5 51.
Kd4 Be5+ 52. Ke3 Rd3+ 53. Ke2 f4 54. Rb6+ Kf5 55. Rb5 f3+ 56. Kf2 g5 57. h4 g4 58.
Kg1 g3 59. Rb1 Kf4 60. Kf1 e3 61. Kg1 Bd4 62. Kh1 Ra3 63. Rf1 Ra1 64. Rxa1 Bxa1 65. Kg1 e2 66. Kh1 e1=Q# 0-1